Map: Jagannatha LE

Players

TriGGeR

  • Race: Protoss Protoss
  • League: Grandmaster

PiLiPiLi - Winner!

  • Race: Protoss Protoss
  • League: Grandmaster

Event: DreamHack SC2 Masters 2021 Summer

VOD

Have the link to the VOD?

Description

Time

  • Played on: June 3, 2021, 4:51 p.m.
  • Length: 19:08

All games in this series

Show
View Real Time Build Order
Export as new Build Order

TriGGeR Protoss 

Build Orders:  

Get SALT Encoding   

  12  0:00  Probe  
  13  0:12  Probe  
  14  0:20  Pylon  
  14  0:24  Probe (Chrono Boost)  
  15  0:39  Probe (Chrono Boost), Gateway  
  16  0:46  Probe (Chrono Boost)  
  16  0:47  Assimilator  
  17  0:54  Probe  
  18  1:06  Probe  
  19  1:18  Probe  
  20  1:20  Pylon  
  20  1:26  Zealot  
  20  1:29  Cybernetics Core  
  20  1:30  Probe (Chrono Boost)  
  23  1:34  Assimilator  
  23  1:42  Probe (Chrono Boost)  
  24  1:48  Probe (Chrono Boost)  
  25  1:56  Probe  
  26  2:06  Nexus  
  26  2:08  Sentry (Chrono Boost)  
  26  2:12  Warp Gate (Chrono Boost)  
  28  2:15  Probe  
  29  2:26  Stalker  
  31  2:32  Shield Battery  
  31  2:40  Robotics Facility  
  30  2:44  Probe  
  31  2:57  Pylon  
  31  3:03  Gateway  
  31  3:15  Probe  
  32  3:21  Probe  
  32  3:24  Shield Battery  
  33  3:27  Probe  
  33  3:29  Observer  
  33  3:33  Probe  
  33  3:34  Gateway  
  36  3:40  Probe  
  37  3:45  Shield Battery  
  37  3:48  Probe  
  37  3:52  Probe  
  37  3:55  Stalker  
  39  4:02  Probe (Chrono Boost)  
  40  4:03  Stalker  
  43  4:10  Probe (Chrono Boost), Observer  
  43  4:14  Probe (Chrono Boost)  
  45  4:19  Probe (Chrono Boost)  
  45  4:20  Probe (Chrono Boost), Stalker  
  49  4:29  Stalker  
  49  4:30  Probe x2  
  53  4:37  Twilight Council  
  52  4:40  Stalker  
  54  4:45  Pylon  
  54  4:50  Probe  
  53  4:55  Probe  
  53  5:02  Probe  
  53  5:03  Assimilator  
  53  5:06  Forge  
  55  5:07  Probe  
  55  5:11  Stalker x2  
  55  5:18  Blink (Chrono Boost)  
  55  5:19  Probe (Chrono Boost)  
  53  5:22  Probe (Chrono Boost)  
  55  5:32  Probe x2 (Chrono Boost)  
  56  5:41  Probe (Chrono Boost)  
  58  5:43  Probe (Chrono Boost)  
  58  5:46  Probe (Chrono Boost)  
  58  5:47  Nexus  
  58  5:49  Probe (Chrono Boost)  
  60  5:52  Protoss Ground Weapons Level 1  
  60  5:54  Probe  
  60  6:01  Probe  
  61  6:08  Probe  
  61  6:09  Pylon  
  62  6:12  Pylon  
  62  6:18  Observer  
  62  6:19  Pylon  
  62  6:25  Immortal (Chrono Boost)  
  62  6:27  Probe x2  
  62  6:29  Shield Battery  
  68  6:33  Stalker x2  
  68  6:39  Probe x2  
  74  6:42  Stalker  
  74  6:43  Pylon  
  76  6:51  Probe x2  
  78  6:59  Stalker x2  
  80  7:03  Probe x2  
  80  7:04  Probe  
  81  7:14  Stalker  
  81  7:15  Probe (Chrono Boost)  
  80  7:20  Probe (Chrono Boost)  
  80  7:21  Probe (Chrono Boost), Charge (Chrono Boost)  
  80  7:22  Immortal (Chrono Boost)  
  86  7:26  Probe (Chrono Boost)  
  89  7:34  Probe x2 (Chrono Boost), Stalker x2  
  93  7:41  Probe (Chrono Boost)  
  93  7:42  Probe x2  
  96  7:48  Gateway  
  96  7:49  Observer  
  96  7:50  Gateway  
  94  7:54  Probe  
  94  7:55  Protoss Ground Weapons Level 2 (Chrono Boost)  
  91  7:58  Immortal (Chrono Boost)  
  91  8:00  Gateway  
  91  8:04  Pylon  
  95  8:10  Pylon  
  95  8:12  Zealot x3  
  101  8:16  Observer  
  101  8:21  Assimilator  
  101  8:30  Probe  
  99  8:35  Photon Cannon  
  99  8:36  Photon Cannon  
  99  8:43  Gateway, Zealot x4  
  99  8:44  Gateway  
  99  8:45  Zealot  
  109  8:49  Templar Archives  
  109  8:55  Pylon  
  109  8:57  Observer, Warp Prism  
  109  9:01  Pylon  
  111  9:10  Nexus  
  111  9:12  Zealot x2  
  115  9:24  High Templar  
  115  9:25  High Templar x3  
  115  9:29  Photon Cannon x2  
  115  9:30  Archon x2  
  123  9:34  Zealot x2  
  127  9:39  Gateway  
  127  9:41  Gateway  
  127  9:42  Probe  
  127  9:43  Probe x2  
  130  9:47  Zealot  
  130  9:48  Zealot  
  134  10:02  Zealot x3  
  132  10:09  Zealot x5  
  114  10:21  Observer  
  99  10:28  Stalker x3  
  99  10:30  Probe x3  
  99  10:42  Probe x2 (Chrono Boost)  
  103  10:47  Probe (Chrono Boost)  
  102  10:53  Probe x2 (Chrono Boost)  
  105  10:57  Probe (Chrono Boost)  
  105  10:58  Probe (Chrono Boost)  
  105  10:59  Probe (Chrono Boost)  
  104  11:06  High Templar x5, Pylon  
  104  11:07  Zealot  
  104  11:08  Probe (Chrono Boost), Zealot x2  
  104  11:09  Probe (Chrono Boost)  
  123  11:12  Probe x2 (Chrono Boost)  
  123  11:14  Probe (Chrono Boost)  
  123  11:15  Probe (Chrono Boost)  
  123  11:16  Photon Cannon  
  123  11:18  Archon x2  
  125  11:19  Probe  
  125  11:20  Observer, Probe  
  127  11:26  Probe  
  127  11:30  Stalker x2  
  127  11:31  Photon Cannon, Stalker  
  131  11:40  High Templar  
  131  11:44  Warp Prism (Chrono Boost)  
  131  11:46  Shield Battery  
  133  11:47  Photon Cannon  
  133  11:50  Zealot x3, Pylon  
  133  11:52  Archon  
  141  11:56  Zealot x2  
  141  11:57  Probe x2  
  141  11:58  Probe  
  148  12:03  Pylon  
  148  12:09  Zealot x3  
  148  12:11  Stalker  
  109  12:38  Stalker x5  
  109  12:39  Stalker x5  
  109  12:43  Probe x4, Assimilator  
  133  12:45  Assimilator  
  133  12:53  Warp Prism  
  133  12:55  Probe  
  123  13:06  Zealot x9  
  132  13:13  Protoss Ground Weapons Level 3 (Chrono Boost)  
  122  13:23  Probe  
  122  13:24  Probe  
  122  13:32  Photon Cannon  
  122  13:33  Robotics Bay  
  122  13:36  Assimilator  
  122  13:38  Zealot x8  
  137  13:41  Observer (Chrono Boost)  
  137  13:47  Photon Cannon  
  137  13:48  High Templar  
  137  13:49  High Templar  
  137  13:50  Photon Cannon  
  137  13:51  Shield Battery  
  137  13:53  Archon  
  141  13:57  Photon Cannon  
  141  14:00  Photon Cannon  
  141  14:03  Zealot x3  
  141  14:08  Observer (Chrono Boost)  
  148  14:19  Zealot x5  
  158  14:26  Stalker x3  
  158  14:32  Stalker x3  
  164  14:40  Photon Cannon  
  164  14:41  Gateway  
  164  14:47  High Templar x4  
  164  14:49  Pylon  
  164  14:52  Archon  
  172  14:57  Archon  
  172  15:01  Zealot x2, Pylon  
  172  15:02  Gateway  
  171  15:14  Disruptor  
  161  15:17  Robotics Facility  
  161  15:19  Zealot x5  
  161  15:20  Zealot x2  
  175  15:29  Dark Shrine  
  171  15:40  Nexus  
  171  15:41  Assimilator  
  171  15:43  Photon Cannon  
  171  15:50  Observer (Chrono Boost)  
  171  15:56  Gateway, Protoss Shields Level 1  
  172  16:03  Photon Cannon  
  172  16:04  Disruptor (Chrono Boost)  
  172  16:10  Disruptor (Chrono Boost)  
  170  16:19  Observer  
  163  16:33  Observer (Chrono Boost)  
  163  16:36  Stalker x2  
  163  16:37  Stalker x7  
  166  16:48  Observer (Chrono Boost)  
  165  16:56  Pylon  
  165  16:59  Zealot x3  
  165  17:00  Zealot x3  
  165  17:08  Disruptor (Chrono Boost)  
  132  17:10  Observer  
  132  17:15  Zealot x4  
  104  17:24  Stalker x4  
  104  17:27  Dark Templar  
  108  17:35  Disruptor (Chrono Boost)  
  55  18:06  Disruptor (Chrono Boost)  
  53  18:31  Dark Templar x6  
Show
View Real Time Build Order
Export as new Build Order

PiLiPiLi Protoss - Winner!

Build Orders: Oracle Opening 

Get SALT Encoding   

  12  0:00  Probe  
  13  0:12  Probe  
  14  0:17  Pylon  
  14  0:24  Probe (Chrono Boost)  
  15  0:37  Probe (Chrono Boost), Gateway  
  16  0:45  Probe (Chrono Boost)  
  16  0:46  Assimilator  
  17  0:51  Probe  
  18  0:58  Assimilator  
  18  1:03  Probe  
  19  1:09  Gateway  
  19  1:15  Probe (Chrono Boost)  
  20  1:24  Probe (Chrono Boost)  
  21  1:26  Cybernetics Core  
  21  1:29  Probe (Chrono Boost)  
  22  1:37  Pylon  
  22  1:41  Probe  
  23  1:49  Pylon  
  23  1:55  Probe  
  24  2:02  Stalker  
  26  2:09  Stalker, Warp Gate  
  28  2:20  Probe  
  29  2:39  Stargate, Stalker  
  29  2:43  Probe  
  31  2:47  Pylon  
  31  3:04  Nexus  
  31  3:09  Probe  
  32  3:21  Probe  
  32  3:22  Oracle (Chrono Boost)  
  36  3:32  Pylon  
  36  3:33  Probe  
  37  3:45  Probe  
  38  3:58  Probe  
  38  4:02  Oracle  
  42  4:07  Adept x2  
  46  4:10  Probe  
  47  4:22  Probe  
  47  4:23  Probe  
  49  4:34  Probe  
  49  4:35  Probe  
  51  4:39  Twilight Council  
  51  4:41  Forge  
  51  4:46  Probe  
  51  4:47  Probe  
  53  4:54  Stalker x2  
  53  4:57  Shield Battery  
  53  4:58  Probe  
  53  4:59  Shield Battery  
  55  5:00  Probe  
  55  5:02  Blink (Chrono Boost)  
  55  5:03  Gateway  
  55  5:05  Pylon  
  55  5:10  Probe  
  55  5:12  Probe  
  57  5:18  Protoss Ground Weapons Level 1 (Chrono Boost)  
  54  5:22  Stalker x2  
  54  5:26  Probe x2  
  60  5:29  Assimilator  
  60  5:38  Pylon  
  60  5:55  Nexus  
  60  5:56  Stalker  
  60  5:57  Pylon, Stalker  
  62  5:58  Probe  
  62  6:00  Probe  
  66  6:05  Robotics Facility  
  66  6:10  Probe  
  67  6:16  Gateway x2  
  67  6:20  Gateway  
  67  6:22  Probe  
  67  6:23  Probe  
  69  6:29  Dark Shrine  
  69  6:34  Gateway  
  69  6:36  Probe x2  
  71  6:48  Probe  
  71  6:49  Stalker x2  
  71  6:50  Stalker  
  71  6:53  Observer  
  71  7:13  Probe  
  71  7:15  Protoss Ground Weapons Level 2 (Chrono Boost), Stalker  
  70  7:16  Stalker x4  
  70  7:18  Probe x2  
  70  7:19  Shield Battery  
  82  7:23  Warp Prism (Chrono Boost)  
  82  7:25  Probe  
  85  7:30  Probe x2  
  87  7:42  Assimilator  
  87  7:44  Gateway  
  87  7:48  Photon Cannon, Pylon  
  87  7:50  Photon Cannon  
  85  7:52  Photon Cannon  
  81  8:05  Dark Templar  
  83  8:07  Dark Templar  
  83  8:10  Zealot  
  83  8:11  Zealot x4  
  95  8:13  Charge (Chrono Boost)  
  95  8:14  Probe x2  
  95  8:30  Probe  
  95  8:32  Probe  
  92  8:36  Zealot x5  
  92  8:37  Zealot  
  92  8:38  Immortal (Chrono Boost)  
  92  8:40  Shadow Stride (Chrono Boost)  
  108  8:46  Pylon  
  108  8:52  Nexus  
  108  9:07  Zealot x3, Sentry  
  108  9:09  Probe  
  117  9:17  Pylon  
  117  9:19  Pylon  
  117  9:22  Photon Cannon  
  117  9:25  Shield Battery  
  117  9:28  Pylon  
  117  9:35  Probe x3, Immortal  
  124  9:41  Dark Templar x4  
  132  9:47  Probe  
  132  9:48  Pylon  
  132  9:50  Pylon  
  132  9:51  Pylon  
  132  9:52  Zealot, Protoss Ground Weapons Level 3 (Chrono Boost)  
  135  9:53  Zealot  
  135  9:54  Probe  
  135  9:58  Assimilator  
  136  10:11  Zealot x2  
  114  10:16  Zealot  
  98  10:25  Dark Templar x2  
  98  10:26  Zealot x3  
  98  10:33  Zealot x2  
  90  10:41  Zealot  
  82  10:49  Zealot x2, Dark Templar  
  82  10:54  Immortal (Chrono Boost)  
  84  10:57  Photon Cannon  
  84  10:59  Photon Cannon, Shield Battery  
  84  11:00  Zealot, Dark Templar  
  84  11:01  Pylon, Zealot x3  
  94  11:04  Gateway  
  94  11:05  Archon  
  94  11:06  Pylon  
  94  11:12  Zealot, Dark Templar  
  98  11:20  Zealot x2  
  98  11:22  Zealot x2  
  98  11:24  Immortal (Chrono Boost)  
  108  11:41  Zealot x5  
  108  11:45  Gateway  
  108  11:46  Zealot  
  120  11:47  Zealot x2  
  120  11:49  Robotics Bay  
  120  11:50  Probe  
  120  11:51  Robotics Facility  
  120  11:52  Assimilator  
  125  11:55  Assimilator  
  125  12:00  Probe x2  
  127  12:01  Probe  
  127  12:05  Zealot x6  
  136  12:19  Stalker x3  
  120  12:25  Stalker  
  120  12:26  Stalker x5  
  116  12:42  Dark Templar x4  
  124  12:55  Zealot x6  
  106  13:22  Protoss Shields Level 1 (Chrono Boost), Disruptor (Chrono Boost)  
  106  13:23  Disruptor (Chrono Boost)  
  106  13:24  Nexus  
  106  13:26  Pylon  
  109  13:29  Dark Templar x2  
  109  13:32  Pylon  
  113  13:49  Photon Cannon  
  113  13:50  Photon Cannon  
  113  13:51  Disruptor x2 (Chrono Boost), Shield Battery  
  113  13:52  Shield Battery  
  113  13:53  Archon x2  
  119  14:13  Zealot x5  
  119  14:16  Probe  
  130  14:21  Disruptor x2 (Chrono Boost)  
  134  14:31  Pylon  
  134  14:33  Shield Battery  
  134  14:38  Dark Templar x3  
  136  14:40  Zealot  
  136  14:42  Dark Templar  
  136  14:44  Zealot  
  144  14:48  Archon x2  
  144  14:50  Stalker x2  
  145  15:11  Zealot  
  145  15:12  Zealot x6  
  152  15:30  Photon Cannon, Dark Templar x3  
  152  15:31  Photon Cannon  
  158  15:39  Disruptor (Chrono Boost)  
  158  15:41  Photon Cannon, Disruptor (Chrono Boost)  
  161  15:43  Photon Cannon  
  161  15:45  Shield Battery  
  164  16:03  Stalker x5  
  164  16:04  Stalker  
  176  16:13  Archon  
  176  16:14  Zealot x2  
  176  16:15  Zealot x2  
  182  16:19  Disruptor  
  182  16:21  Disruptor  
  188  16:27  Dark Templar  
  188  16:28  Dark Templar  
  151  16:57  Zealot x3  
  151  16:58  Zealot x5  
  165  17:04  Disruptor  
  157  17:26  Dark Templar  
  157  17:27  Dark Templar x3  
  161  17:50  Dark Templar x2  
  160  17:51  Zealot  
  160  17:52  Zealot  
  140  18:31  Zealot x4  
  129  18:52  Zealot, Dark Templar x4  
Tags
 
Add a new tag
Caveats
  • Supply blocks, unpowered buildings, or Contaminate may cause inaccurate times.
  • Supply counts are checked every 10 seconds.